 Dungeon Crawl Stone Soup version 0.26.1-11-gd32895ea62 (webtiles) character file.

Game seed: 4350284533860046763

63 diana the Ducker (level 3, 0/28 HPs)
             Began as a Demonspawn Gladiator on Apr 14, 2021.
             Slain by a goblin
             ... wielding a +0 club
              (3 damage)
             ... on level 2 of the Dungeon.
             The game lasted 00:03:03 (1802 turns).

diana the Ducker (Demonspawn Gladiator)             Turns: 1802, Time: 00:03:04

Health: 0/28       AC:  4    Str: 15    XL:     3   Next: 87%
Magic:  3/3        EV: 13    Int:  9    God:
Gold:   55         SH:  0    Dex: 14    Spells: 2/2 levels left

rFire    . . .     SeeInvis .   a - +0 long sword
rCold    . . .     Faith    .   (no shield)
rNeg     . . .     Spirit   .   b - +0 leather armour
rPois    .         Reflect  .   c - +0 helmet
rElec    .         Harm     .   (no cloak)
rCorr    .         Rampage  .   (no gloves)
Will     .....                  (no boots)
Stlth    +.........             (no amulet)
HPRegen  0.09/turn              (no ring)
MPRegen  0.08/turn              (no ring)

@: lethally poisoned (0 -> -4)
A: talons 1, powered by pain 1, screaming 1, miasma immunity
a: no special abilities


You were on level 2 of the Dungeon.
You visited 1 branch of the dungeon, and saw 2 of its levels.

You collected 55 gold pieces.

Inventory:

Hand Weapons
 a - a +0 long sword (weapon)
Missiles
 d - 4 throwing nets (quivered)
Armour
 b - a +0 leather armour (worn)
 c - a +0 helmet (worn)
 f - a +0 plate armour
Scrolls
 e - a scroll of fear {unknown}
 g - a scroll of random uselessness {unknown}
 h - a scroll of noise {unknown}
 k - 2 scrolls of identify {unknown}
 l - a scroll of remove curse {unknown}


   Skills:
 + Level 2.5 Fighting
 + Level 3.1 Long Blades
 - Level 1.7 Throwing
 * Level 1.9 Armour
 + Level 3.1 Dodging


You had 2 spell levels left.
You didn't know any spells.
Your spell library was empty.

Dungeon Overview and Level Annotations

Branches:
Dungeon (2/15)

Altars:


Innate Abilities, Weirdness & Mutations

You sometimes gain a little power by taking damage.
You are immune to miasma.
You have sharp toenails.
You occasionally shout uncontrollably at your foes.


Message History

The adder is severely wounded.
The goblin unwields a +0 club.
The goblin wields a +0 hunting sling.
The goblin shoots a stone.
The stone hits you. The adder bites you.
You are poisoned.
The adder poisons you!
You closely miss the adder. Your kick misses the adder.
The adder is severely wounded.
You feel sick. The adder barely misses you.
You riposte.
You barely miss the adder. Your kick misses the adder.
The adder is severely wounded.
The goblin shoots a stone.
The stone hits you!
* * * LOW HITPOINT WARNING * * *
The adder bites you but does no damage.
You miss the adder. You claw the adder.
The adder is almost dead.
* * * LOW HITPOINT WARNING * * *
You feel sick. The adder barely misses you.
The goblin unwields a +0 hunting sling.
The goblin wields a +0 club.
The goblin hits you with a +0 club.
You die...

#P♣♣♣...♣.♣♣♣P♣....
#P♣♣..♣♣.P♣P.P.♣...
§§♣♣.♣..PPP♣.♣SP###
♣§§.....♣P..P.♣.#
##♣§♣..P♣P..♣.P.♣##
#.P♣♣♣♣♣♣..♣♣♣♣♣.## #.#.
.♣P......♣#.#
#.#P♣♣.♣..8.P♣.♣P.#
##.#P@S♣.P.....♣.♣.#
##..♣♣g♣r.8.⌠.8♣....#
####.#.♣♣)♣.♣....P♣.♣..###
#.......♣..P♣.)8.♣..♣....)
#.##.#.♣.♣♣.♣.....♣.♣###.#
#.###....P♣♣.♣.♣P♣♣P. #.#
#.# ##.##♣♣....♣. ♣.. #.#
#.# #.# ...g♣♣.P!.§. #.#
#.# #.#P.♣P... ..♣P.. ..#


You could see an adder, a quokka and a goblin.

Vanquished Creatures
  2 gnolls
  A worm (D:2)
  5 bats (D:1)
  2 giant cockroaches (D:1)
  5 goblins
  4 hobgoblins
  4 jackals (D:2)
  3 kobolds (D:1)
  4 quokkas (D:2)
  3 frilled lizards (D:1)
  2 rats (D:1)
35 creatures vanquished.

Vanquished Creatures (others)
  17 plants (D:2)
17 creatures vanquished.

Grand Total: 52 creatures vanquished

Notes
Turn   | Place    | Note
-------+----------+-------------------------------------------
     0 | D:1      | diana the Demonspawn Gladiator began the quest for the Orb.
     0 | D:1      | Reached XP level 1. HP: 16/16 MP: 1/1
   211 | D:1      | Gained mutation: You are immune to miasma. [demonic
                  | ancestry]
   211 | D:1      | Reached XP level 2. HP: 17/22 MP: 2/2
   410 | D:1      | Reached skill level 1 in Armour
  1320 | D:1      | Gained mutation: You sometimes gain a little power by
                  | taking damage. [demonic ancestry]
  1320 | D:1      | Reached XP level 3. HP: 9/28 MP: 3/3
  1794 | D:2      | Gained mutation: You occasionally shout uncontrollably at
                  | your foes. [potion of mutation]
  1794 | D:2      | Gained mutation: Your flesh is heat resistant. (rF+)
                  | [potion of mutation]
  1794 | D:2      | Lost mutation: Your flesh is heat resistant. (rF+) [potion
                  | of mutation]
  1794 | D:2      | Gained mutation: You have sharp toenails. [potion of
                  | mutation]
  1802 | D:2      | Slain by a goblin

Illustrated notes

Levels and vault maps discovered:
D:1:      minmay_arrival_shattered_statue, layout_loops_ring, serial_glass,
          glass_columns_a, glass_columns_a, hangedman_decor_opposing
D:2:      wad_woods_tower, layout_loops_ring, lemuel_round_altar,
          kiku_gazebo_pond_becter

Skill      XL: |  1  2 |
---------------+-------+-----
Armour         | 1 |  1.9
Long Blades    | 3 |  3.1
Dodging        | 3 |  3.1
Fighting       | |  2.5
Throwing       | |  1.7

Action                   || total
-------------------------++-------
Melee: Long sword        ||   107
       Kick              ||     3
  Use: Potion            ||     3
Armor: Leather armour    ||    34
Dodge: Dodged            ||   118
       Rpst.: Long sword ||    43
